 Dungeon Crawl Stone Soup version 0.28-a0-421-gd1dd6c5fb5 (webtiles) character file.

Game seed: 7706228635374968952

13316 McIrco the Cleaver (level 11, -7/101 HPs)
             Began as a Minotaur Fighter on Sept 8, 2021.
             Was an Initiate of Gozag.
             Mangled by a death yak (15 damage)
             ... on level 3 of the Lair of Beasts.
             The game lasted 00:16:34 (12620 turns).

McIrco the Cleaver (Minotaur Fighter)              Turns: 12620, Time: 00:16:35

Health: -7/101     AC: 13    Str: 29    XL:     11   Next: 74%
Magic:  10/10      EV: 12    Int:  5    God:    Gozag
Gold:   1849       SH:  6    Dex: 11    Spells: 10/10 levels left

rFire   + . .      SeeInvis .   b - +2 hand axe (venom)
rCold   . . .      Faith    .   c - +0 buckler
rNeg    . . .      Spirit   .   m - +3 scale mail {rF+}
rPois   .          Reflect  .   (helmet restricted)
rElec   .          Harm     .   i - scarf {repulsion}
rCorr   .          Rampage  +   (no gloves)
Will    .....                   G - +0 pair of boots {rampage}
Stlth   +.........              r - amulet of the acrobat
HPRegen 0.26/turn               z - +6 ring of strength
MPRegen 0.12/turn               y - +4 ring of slaying

@: repel missiles
A: horns 2, retaliatory headbutt
a: Renounce Religion, Potion Petition, Call Merchant, Bribe Branch


You were on level 3 of the Lair of Beasts.
You worshipped Gozag.
Gozag was most pleased with you.
You visited 3 branches of the dungeon, and saw 15 of its levels.
You also visited: Sewer.

You collected 2074 gold pieces.
You spent 142 gold pieces at shops.
You paid 83 gold pieces to Gozag.

Inventory:

Hand Weapons
 a - a +1 war axe
 b - a +2 hand axe of venom (weapon)
Missiles
 e - 18 poisoned darts
 j - 10 curare-tipped darts
 p - 11 boomerangs (quivered)
 C - 2 throwing nets
 J - 6 atropa-tipped darts
 K - 6 javelins
Armour
 c - a +0 buckler (worn)
 i - a scarf of repulsion (worn)
 m - a +3 scale mail of fire resistance (worn)
 n - a +0 scale mail
 F - a +3 plate armour
 G - a +0 pair of boots of rampaging (worn)
Jewellery
 r - an amulet of the acrobat (around neck)
 s - a ring of resist corrosion
 y - a +4 ring of slaying (right hand)
 z - a +6 ring of strength (left hand)
 B - a ring of magical power
Wands
 A - a wand of iceblast (24)
 E - a wand of paralysis (10)
 H - a wand of polymorph (9)
 N - a wand of flame (29)
 Q - a wand of charming (10)
Scrolls
 g - 10 scrolls of teleportation
 h - 4 scrolls of identify
 q - 5 scrolls of fear
 u - 3 scrolls of summoning
 v - 2 scrolls of enchant weapon
 w - 4 scrolls of magic mapping
Potions
 d - 4 potions of flight
 f - a potion of ambrosia
 k - a potion of heal wounds
 l - 2 potions of degeneration
 o - a potion of cancellation
 t - 6 potions of curing
 x - 2 potions of lignification {unknown}
 D - a potion of might
 L - a potion of attraction {unknown}
 O - a potion of haste
 P - a potion of resistance {unknown}
Miscellaneous
 M - a condenser vane


   Skills:
 + Level 10.9 Fighting
 + Level 14.0 Axes
 + Level 1.4 Throwing
 + Level 10.1 Armour
 + Level 5.6 Dodging
 + Level 2.8 Stealth
 + Level 8.2 Shields


You had 10 spell levels left.
You didn't know any spells.
Your spell library contained the following spells:

 Spells                   Type           Power      Damage    Failure   Level
 Pain                     Necr           0%         1d4       69%         1
 Dazzling Flash           Conj/Hex       0%         N/A       96%         3
 Summon Guardian Golem    Hex/Summ       0%         N/A       96%         3
 Tukima's Dance           Hex            0%         N/A       96%         3
 Olgreb's Toxic Radiance  Pois           0%         N/A       100%        4
 Passage of Golubria      Tloc           N/A        N/A       100%        4
 Agony                    Necr           0%         N/A       100%        5
 Excruciating Wounds      Necr           0%         N/A       100%        5
 Silence                  Hex/Air        0%         N/A       100%        5
 Yara's Violent Unravell  Hex/Tmut       0%         3d3       100%        5
 Orb of Destruction       Conj           0%         N/A       100%        7
 Ozocubu's Refrigeration  Ice            0%         4d5       100%        7
 Spellforged Servitor     Conj/Summ      0%         N/A       100%        7
 Ignition                 Fire           0%         3d3       100%        8


Dungeon Overview and Level Annotations

Branches:
Dungeon (11/15)            Temple (1/1) D:5            Lair (3/6) D:10
    Orc (0/2) D:9           Sewer (visited)
  Swamp: Lair:2-4    Shoals: Lair:2-4     Snake: Lair:2-4    Spider: Lair:2-4

Altars:
Ashenzari
Cheibriados
Dithmenos
Elyvilon
Fedhas
Gozag
Hepliaklqana
Kikubaaqudgha
Makhleb
Nemelex Xobeh
Okawaru
Qazlal
Ru
Sif Muna
Trog
Uskayaw
Vehumet
Wu Jian
Xom
Yredelemnul
Zin
The Shining One

Shops:
D:9 =[[[

Annotations:
D:4 1 runed translucent door, chipmonk's ghost, amateur OpFi
Lair:2 Nergalle


Innate Abilities, Weirdness & Mutations

You have a pair of horns on your head.
You reflexively headbutt those who attack you in melee.


Message History

Nergalle gestures at the death yak while chanting.
Orcish apparitions take form around you.
The death yak gores you but does no damage.
You hit the komodo dragon.
The komodo dragon looks as sick as possible!
Your headbutt misses the komodo dragon.
The komodo dragon is heavily wounded.
You hit the death yak.
The death yak looks as sick as possible!
You hit the death yak but do no damage. You hit the death yak.
The death yak is poisoned.
You hit the death yak.
The death yak looks as sick as possible!
The death yak gores you.
The komodo dragon bites you but does no damage.
The death yak gores you!!
The death yak gores you but does no damage. x2
Unknown command.
The water moccasin bites you.
Nergalle yells, "What are YOU looking at?"
The death yak closely misses you.
The komodo dragon bites you but does no damage.
The death yak gores you but does no damage.
The death yak gores you! x2
* * * LOW HITPOINT WARNING * * *
You climb downwards.
The bullfrog gives a loud, deep croak!
There is a stone staircase leading up here.
Unknown command.
Unknown command.
Unknown command.
You feel much better.
The water moccasin bites you but does no damage.
The komodo dragon bites you!!
* * * LOW HITPOINT WARNING * * *
The death yak completely misses you. You furiously retaliate!
You headbutt the death yak. The death yak gores you!!
* * * LOW HITPOINT WARNING * * *
The death yak gores you!
You die...
Your body crumbles into a pile of gold.

$ ...........
..........
..........
##.........
##..........
#...........
##.FYl......
#..Y@S......
#...Y.Y......
#............
...............
#..........F...
...............
.......#.......
....... #......
$


You could see 4 death yaks, a komodo dragon (extremely poisoned), a water
moccasin and 2 bullfrogs.

Vanquished Creatures
  2 two-headed ogres
  Pikel (D:6)
  An oklob plant (Lair:1)
  Joseph (D:7)
  3 cane toads (Lair:1)
  2 komodo dragons (D:10)
  A troll (D:10)
  2 hornets
  Grinder (D:4)
  4 wyverns
  A wraith (D:10)
  20 yaks
  2 basilisks
  4 vampire mosquitoes (D:6)
  Edmund (D:5)
  Grum (D:9)
  3 black bears
  2 sky beasts
  4 orc warriors
  2 ogres
  6 centaurs
  2 necrophages
  3 wolves (D:9)
  A lemure (D:6)
  A kobold brigand (D:11)
  6 bullfrogs
  A water moccasin zombie (D:6)
  A water moccasin skeleton (D:6)
  3 wights (D:9)
  3 howler monkeys
  A bullfrog zombie (D:5)
  2 hounds (D:5)
  2 centaur zombies
  2 jellies
  6 orc priests
  A gnoll shaman (D:8)
  2 bullfrog skeletons (D:6)
  5 iguanas
  4 orc wizards
  A hound zombie (D:5)
  2 howler monkey zombies (D:9)
  A howler monkey skeleton (D:6)
  9 gnolls
  8 adders
  2 river rats (D:6)
  2 shadow imps (D:7)
  2 white imps
  An adder skeleton (D:4)
  5 worms
  4 dart slugs
  30 orcs
  11 ball pythons
  12 bats
  11 endoplasms
  4 giant cockroaches
  10 goblins
  10 hobgoblins
  8 jackals
  10 kobolds
  6 quokkas
  7 frilled lizards
  6 rats
  A spectral hobgoblin (D:2)
273 creatures vanquished.

Vanquished Creatures (collateral kills)
  A bullfrog (Lair:1)
1 creature vanquished.

Vanquished Creatures (others)
  An orc wizard (D:5)
  9 plants
10 creatures vanquished.

Grand Total: 284 creatures vanquished

Notes
Turn   | Place    | Note
-------+----------+-------------------------------------------
     0 | D:1      | McIrco the Minotaur Fighter began the quest for the Orb.
     0 | D:1      | Reached XP level 1. HP: 19/19 MP: 0/0
   275 | D:1      | Reached XP level 2. HP: 27/27 MP: 1/1
   752 | D:1      | Reached XP level 3. HP: 33/33 MP: 2/2
   886 | D:2      | Found a faded altar of an unknown god.
   982 | D:2      | Reached skill level 3 in Axes
  1243 | D:2      | Reached XP level 4. HP: 40/40 MP: 3/3
  2209 | D:3      | Noticed a sky beast
  2220 | D:3      | Killed a sky beast
  2221 | D:3      | Reached skill level 4 in Axes
  2221 | D:3      | Reached skill level 1 in Stealth
  2221 | D:3      | Reached XP level 5. HP: 33/47 MP: 4/4
  2534 | D:4      | Noticed a black bear
  2543 | D:4      | Killed a black bear
  2544 | D:4      | Reached skill level 5 in Armour
  2544 | D:4      | Reached XP level 6. HP: 26/55 MP: 5/5
  2733 | D:4      | Reached skill level 5 in Fighting
  2734 | D:4      | Reached skill level 5 in Axes
  2793 | D:4      | Found a runed translucent door.
  2799 | D:4      | Noticed chipmonk's ghost (amateur OpFi)
  2826 | D:4      | Noticed Grinder
  2832 | D:4      | Killed Grinder
  2833 | D:4      | Reached skill level 6 in Axes
  2833 | D:4      | Reached skill level 5 in Shields
  2833 | D:4      | Reached XP level 7. HP: 58/61 MP: 6/6
  2937 | D:4      | Found a white marble altar of Elyvilon.
  3344 | D:5      | Entered Level 5 of the Dungeon
  3344 | D:5      | Noticed Edmund
  3362 | D:5      | Killed Edmund
  3529 | D:5      | Reached skill level 1 in Dodging
  3532 | D:5      | Reached skill level 7 in Axes
  3671 | D:5      | Reached XP level 8. HP: 60/70 MP: 7/7
  3910 | D:5      | Reached skill level 8 in Axes
  4139 | D:5      | Found a staircase to the Ecumenical Temple.
  4439 | D:5      | Found an iron altar of Okawaru.
  4608 | Temple   | Entered the Ecumenical Temple
  4833 | Temple   | Became a worshipper of Gozag Ym Sagoz the Greedy
  4939 | D:6      | Reached skill level 9 in Axes
  4948 | D:6      | Reached skill level 1 in Throwing
  4953 | D:6      | Reached XP level 9. HP: 12/78 MP: 8/8
  4964 | D:6      | Found a glowing drain.
  5028 | Sewer    | Entered a sewer
  5601 | D:6      | Found a large runed translucent door.
  5602 | D:6      | Found a large runed translucent door.
  5963 | D:6      | Noticed Pikel
  5976 | D:6      | Killed Pikel
  5977 | D:6      | Reached skill level 10 in Axes
  7000 | D:6      | Found an ornate altar of the Wu Jian Council.
  7012 | D:6      | Found a broken altar of Ashenzari.
  7689 | D:7      | Noticed Joseph
  7706 | D:7      | Killed Joseph
  8034 | D:8      | Reached skill level 11 in Axes
  8203 | D:8      | Reached XP level 10. HP: 87/88 MP: 9/9
  9594 | D:9      | Found Xaeralo's Armour Emporium.
  9600 | D:9      | Reached skill level 12 in Axes
  9600 | D:9      | Found Waogg's Antique Armour Emporium.
  9608 | D:9      | Found Pyedd's Jewellery Emporium.
  9608 | D:9      | Found Zuwulus's Antique Armour Emporium.
  9616 | D:9      | Noticed Grum
  9626 | D:9      | Killed Grum
  9778 | D:9      | Bought a pair of glowing boots for 142 gold pieces
  9956 | D:9      | Noticed a two-headed ogre
  9962 | D:9      | Killed a two-headed ogre
 10308 | D:9      | Found a staircase to the Orcish Mines.
 10642 | D:10     | Entered Level 10 of the Dungeon
 10696 | D:10     | Reached skill level 5 in Dodging
 11105 | D:10     | Found a staircase to the Lair.
 11126 | D:10     | Reached XP level 11. HP: 89/97 MP: 10/10
 11191 | D:10     | Noticed a two-headed ogre
 11195 | D:10     | Killed a two-headed ogre
 11196 | D:10     | Reached skill level 13 in Axes
 11633 | D:10     | Found an ancient bone altar of Kikubaaqudgha.
 11669 | D:10     | Found a sparkling altar of Nemelex Xobeh.
 11936 | D:11     | Noticed a five-headed hydra
 12012 | Lair:1   | Entered Level 1 of the Lair of Beasts
 12061 | Lair:1   | Noticed an oklob plant
 12075 | Lair:1   | Killed an oklob plant
 12076 | Lair:1   | Reached skill level 10 in Armour
 12117 | Lair:1   | Reached skill level 10 in Fighting
 12490 | Lair:1   | Reached skill level 14 in Axes
 12611 | Lair:1   | You fall into a shaft and drop 1 floor!
 12611 | Lair:2   | Noticed a death yak
 12611 | Lair:2   | Noticed a death yak
 12611 | Lair:2   | Noticed a death yak
 12611 | Lair:2   | Noticed a death yak
 12611 | Lair:2   | Noticed a death yak
 12611 | Lair:2   | Noticed a death yak
 12611 | Lair:2   | Noticed Nergalle
 12617 | Lair:2   | Noticed a spectral orc warlord
 12620 | Lair:3   | Mangled by a death yak

Illustrated notes

Levels and vault maps discovered:
D:1:      dpeg_arrival_rhombi, layout_basic
D:2:      layout_basic, dreamdust_ecumenical_altar_drowned_temple,
          serial_corexii_hall, corexii_hall_statues_s, corexii_hall_statues_i,
          st_stairs_7
D:3:      layout_loops_cross, minmay_pentomino_pile
D:4:      minmay_evil_eye, layout_cave_pools,
          mainiacjoe_overflow_concentric_impassable, ebering_ghost_sewer_d,
          minmay_crossroads, uniq_grinder
D:5:      layout_basic, kennysheep_okawaru_gauntlet, minmay_temple_entry_ruins,
          serial_curves, eino_curves_01, eino_curves_01, eino_curves_02,
          uniq_edmund
D:6:      layout_basic, jmf_multi_god_temple2, portal_sewer_entry_a,
          nicolae_lava_and_water, minmay_misc_feat_iff, eino_tiny_chamber,
          uniq_pikel
D:7:      layout_basic, uniq_joseph
D:8:      layout_basic, minmay_misc_feat_nine_boxes, fountainhead
D:9:      layout_loops_ring, orc_0_dummy, minmay_shop_grid_forest, uniq_grum
D:10:     layout_roguey, nemelex_xobeh_ov_fountains_minmay,
          general_overflow_altar, david_lair_shrubbed
D:11:     layout_irregular_city
Temple:   eino_temple_scatter_basement
Lair:1:   minmay_lair_oklob_chamber, layout_layer_cave
Lair:2:   layout_roguey, grunt_megastairs_3, uniq_nergalle
Lair:3:   layout_layer_cave, minmay_shoals_entry_centaurs, serial_bayou_pond_c,
          hangedman_tree_tricks

Skill      XL: |  1  2  3  4  5  6  7  8  9 10 11 |
---------------+----------------------------------+-----
Armour         | 4 5 6 7 8 9 10 | 10.1
Fighting       | 4 5 6 7 9 10 | 10.9
Shields        | 4 5 6 7 8 |  8.2
Axes           | 3 4 6 7 9 11 12 14 | 14.0
Stealth        | 1 2 |  2.8
Dodging        | 1 2 3 5 |  5.6
Throwing       | 1 |  1.4

Action                   |  1- 3 |  4- 6 |  7- 9 | 10-12 || total
-------------------------+-------+-------+-------+-------++-------
Melee: War axe           |    70 |    46 |    14 |       ||   130
       Headbutt          |    11 |     9 |    57 |    86 ||   163
       Hand axe          |       |    32 |   254 |   304 ||   590
Throw: Dart              |       |       |     9 |       ||     9
       Boomerang         |       |       |     1 |       ||     1
  Use: Scroll            |       |       |     9 |     4 ||    13
       Potion            |       |       |     4 |     1 ||     5
 Stab: Distracted        |       |       |     1 |       ||     1
Armor: Scale mail        |    24 |    30 |    77 |    65 ||   196
Dodge: Dodged            |    38 |    38 |   124 |   140 ||   340
       Repelled          |       |     1 |     4 |     1 ||     6
Block: Buckler           |    22 |    22 |    50 |    59 ||   153

Table legend: (Time is in decaauts)
 A = Elapsed time spent in this place.
 B = Non-inter-level travel time spent in this place.
 C = Inter-level travel time spent in this place.
 D = Time resting spent in this place.
 E = Time spent auto-exploring this place.
 F = Levels seen in this place.
 G = Mean time per level.
                   A        B        C        D        E       F      G
               +--------+--------+--------+--------+--------+-----+--------+
         Total |  12626 |  12044 |    582 |   1520 |   8950 |  16 |  789.1 |
       Dungeon |  11173 |  10636 |    537 |   1520 |   7747 |  11 | 1015.7 |
        Temple |    242 |    198 |     44 |      0 |    182 |   1 |  242.0 |
          Lair |    581 |    581 |      0 |      0 |    472 |   3 |  193.7 |
         Sewer |    629 |    629 |      0 |      0 |    548 |   1 |  629.0 |
               +--------+--------+--------+--------+--------+-----+--------+

Top non-repeatable levels by time:
     D:6: 1618 daAuts
     D:8: 1342 daAuts
     D:5: 1278 daAuts
     D:9: 1241 daAuts
    D:10: 1113 daAuts
     D:7: 967 daAuts
     D:2: 881 daAuts
     D:1: 846 daAuts
     D:3: 836 daAuts
     D:4: 821 daAuts
   Sewer: 629 daAuts
  Lair:1: 575 daAuts
  Temple: 242 daAuts
    D:11: 224 daAuts
  Lair:2: 5 daAuts
